 Dungeon Crawl Stone Soup version 0.19-a0-1907-gcff654f (webtiles) character file.

40 Disciple the Magician (level 3, -1/27 HPs)
             Began as a Demonspawn Wizard on Oct 21, 2016.
             Shot with an arrow by a centaur (10 damage)
             ... on level 3 of the Dungeon.
             The game lasted 00:07:06 (2411 turns).

Disciple the Magician (Demonspawn Wizard)           Turns: 2411, Time: 00:07:06

Health: -1/27      AC:  3    Str:  7    XL:     3   Next: 30%
Magic:  7/7        EV: 12    Int: 19    God:
Gold:   122        SH:  0    Dex: 15    Spells: 1 memorised, 7 levels left

rFire  . . .     SeeInvis .     s - +3 whip
rCold  + . .     Gourm    .     a - +0 robe
rNeg   . . .     Faith    .     (no shield)
rPois  .         Spirit   .     b - +0 hat
rElec  .         Reflect  .     (no cloak)
rCorr  .         Harm     .     (no gloves)
MR     .....                    k - +0 pair of boots
Stlth  ++........               t - amulet of magic regeneration
                                u - +3 ring of dexterity
                                g - ring of protection from cold

@: no status effects
A: antennae 1, spiny 1
a: no special abilities


You were on level 3 of the Dungeon.
You were not hungry.

You visited 1 branch of the dungeon, and saw 3 of its levels.

You collected 122 gold pieces.

Inventory:

Hand Weapons
 p - a +1 short sword of speed
 s - a +3 whip (weapon)
 v - a +0 blowgun
Missiles
 o - 17 poisoned needles
Armour
 a - a +0 robe (worn)
 b - a +0 hat (worn)
 k - a +0 pair of boots (worn)
Jewellery
 g - a ring of protection from cold (left hand)
 t - an amulet of magic regeneration (around neck)
 u - a +3 ring of dexterity (right hand)
Scrolls
 f - 4 scrolls of fear {unknown}
 h - a scroll of enchant armour {unknown}
 j - 2 scrolls of teleportation {unknown}
 m - a scroll of noise {unknown}
 q - a scroll of random uselessness {unknown}
 r - a scroll of enchant weapon {unknown}
 w - a scroll of identify {unknown}
Potions
 e - a potion of degeneration {unknown}
 l - a potion of cancellation {unknown}
 n - a potion of curing {unknown}
 x - a potion of magic {unknown}
 A - a potion of berserk rage {unknown}
Books
 c - a book of Minor Magic

   Spells                             Type                      Level
   a - Magic Dart                     Conjuration                  1
   b - Blink                          Translocation                2
   c - Call Imp                       Summoning                    2
   d - Repel Missiles                 Charms/Air                   2
   e - Slow                           Hexes                        2
   f - Conjure Flame                  Conjuration/Fire             3
   g - Mephitic Cloud                 Conjuration/Poison/Air       3
Comestibles
 d - 2 bread rations
 i - a meat ration
 z - 4 chunks of flesh


   Skills:
 - Level 2.0 Fighting
 - Level 0.3 Short Blades
 + Level 1.6 Maces & Flails
 - Level 1.7 Dodging
 - Level 1.7 Stealth
 - Level 3.0 Spellcasting
 - Level 1.0 Conjurations
   Level 1.0 Summonings
   Level 0.8 Translocations


You had 7 spell levels left.
You knew the following spells:

 Your Spells              Type           Power        Failure   Level  Hunger
a - Magic Dart            Conj           #...         12%         1    None


Dungeon Overview and Level Annotations

Branches:
Dungeon (3/15)

Altars:


Innate Abilities, Weirdness & Mutations

You have a pair of small antennae on your head.
You are partially covered in sharp spines.


Message History

z - 5 chunks of flesh (gained 2)
You see here an orc skeleton. x2
Eating one of 5 chunks of flesh.
You start eating one of the 5 chunks of flesh.
You are feeling hungry.
This raw flesh tastes terrible.
A centaur comes into view.
The centaur shouts!
The centaur wields a shortbow.
The centaur shoots an arrow.
The arrow hits you!
Ouch! That really hurt!
You see here an arrow.
The centaur shoots an arrow.
The arrow barely misses you.
The centaur shoots an arrow.
The arrow closely misses you.
The centaur shoots an arrow.
The arrow closely misses you.
You see here 3 arrows.
The centaur shoots an arrow.
The arrow hits you.
You see here an arrow.
The centaur shoots an arrow.
The arrow barely misses you.
The centaur shoots an arrow.
The arrow hits you!
You die...

###### #..#####.##
#.##.######.........#
#.#.................#######
###.#..####..................
#......# ##.##.#....#.#####.#
#######.#.##.# #.............# #(#
#.......#.##.# #######.####### #.#
#..c....#)##.#######...##########.#
#.......#......(.@...........<....#
#.......###c#####################.#
##(###.### ### #...(....####
#....###.##.####### #....#
#....##....# #....# ####.##.##.#
#....###....##.##.#
#.................#


You could see a centaur.

Vanquished Creatures
  A dart slug (D:1)
  An orc (D:3)
  2 giant cockroaches
  2 goblins
  7 hobgoblins
  5 jackals
  A bat (D:2)
  6 frilled lizards
  6 kobolds
  5 rats
36 creatures vanquished.

Notes
Turn   | Place    | Note
-------+----------+-------------------------------------------
     0 | D:1      | Disciple the Demonspawn Wizard began the quest for the Orb.
     0 | D:1      | Reached XP level 1. HP: 13/13 MP: 4/4
   159 | D:1      | Reached skill level 1 in Fighting
   352 | D:1      | Gained mutation: You have a pair of small antennae on your head. [demonic ancestry]
   352 | D:1      | Reached XP level 2. HP: 19/21 MP: 4/6
  1670 | D:2      | Reached skill level 1 in Maces & Flails
  1944 | D:2      | Gained mutation: You are partially covered in sharp spines. [demonic ancestry]
  1944 | D:2      | Reached XP level 3. HP: 25/27 MP: 7/7
  2400 | D:3      | Noticed a centaur
  2411 | D:3      | Shot with an arrow by a centaur

Vault maps used:
D:1:      kennysheep_arrival_seaside
D:3:      minitemple, first_bread, dk_vineyard_2

Skill      XL: |  1  2 |
---------------+-------+-----
Fighting       | 1 2 |  2.0
Maces & Flails | 1 |  1.6
Short Blades   | |  0.3
Dodging        | |  1.7
Stealth        | |  1.7
Spellcasting   | |  3.0
Conjurations   | |  1.0
Summonings     | |  1.0
Translocations | |  0.8

Action                   || total
-------------------------++-------
Melee: Whip              ||    67
       Short sword       ||     8
 Cast: Magic Dart        ||    40
 Stab: Sleeping          ||     2
  Eat: Chunk             ||     5
Armor: Robe              ||    15
Dodge: Dodged            ||    58
